 Dungeon Crawl Stone Soup version 0.30-a0-374-g95c0257040 (webtiles) character file.

Game seed: 6171605891122235186

6796 themarg the Destroyer (level 10, -2/135 HPs)
             Began as a White Draconian Conjurer on Nov 27, 2022.
             Was a Believer of Vehumet.
             Slain by Erica
             ... wielding a +0 scimitar of flaming
              (5 damage)
             ... on level 9 of the Dungeon.
             The game lasted 00:24:48 (11885 turns).

themarg the Destroyer (White Draconian Conjurer)   Turns: 11885, Time: 00:24:49

Health: -2/135     AC: 25    Str: 10    XL:     10   Next: 76%
Magic:  2/20       EV:  2    Int: 22    God:    Vehumet [**....]
Gold:   404        SH:  0    Dex: 10    Spells: 12/23 levels left

rFire   . . .      SeeInvis .    g - +3 mace (vorpal)
rCold   . . .      Faith    .    (no shield)
rNeg    . . .      Spirit   .    (body armour unavailable)
rPois   +          Reflect  .    (helmet currently unavailable)
rElec   .          Harm     .    (cloak currently unavailable)
rCorr   +          Rampage  .    (gloves currently unavailable)
Will    .....      NoTele   +    (boots currently unavailable)
Stlth   ++........               (no amulet)
HPRegen 0.42/turn                j - +4 ring of evasion
MPRegen 0.17/turn                k - ring of resist corrosion

@: tree-form
A: stationary, stasis, torment immunity, boosted hp, (breathe frost), AC +7,
unfitting armour, (cold resistance 1), (cold-blooded)
a: Renounce Religion


You were on level 9 of the Dungeon.
You worshipped Vehumet.
Vehumet was pleased with you.
You were a tree.
You visited 2 branches of the dungeon, and saw 10 of its levels.

You collected 404 gold pieces.

Inventory:

Hand Weapons
 g - a +3 vorpal mace (weapon)
Missiles
 f - 50 stones
 n - 11 curare-tipped darts
 s - 13 poisoned darts (quivered)
 z - 8 boomerangs
 D - 3 boomerangs of dispersal
Armour
 m - a +0 pair of gloves (melded)
 E - a +0 pair of boots (melded)
 H - a +0 cloak (melded)
 M - the +2 shield of Resistance {rF++ rC++ Will++}
   (You found it on level 8 of the Dungeon)

   rF:        It greatly protects you from fire.
   rC:        It greatly protects you from cold.
   Will:      It greatly increases your willpower.
Jewellery
 j - a +4 ring of evasion (left branch)
 k - a ring of resist corrosion (right branch)
 t - a ring of ice
 u - an amulet of guardian spirit
 y - a ring of willpower
 K - a ring of protection from fire
Wands
 o - a wand of flame (18)
Scrolls
 b - a scroll of torment {unknown}
 e - 2 scrolls of noise
 l - a scroll of magic mapping {unknown}
 p - 3 scrolls of vulnerability {unknown}
 q - 3 scrolls of amnesia {unknown}
 x - a scroll of butterflies {unknown}
 A - 6 scrolls of teleportation
 B - 2 scrolls of fear {unknown}
 F - 3 scrolls of immolation {unknown}
 G - a scroll of poison {unknown}
 J - a scroll of enchant armour {unknown}
 L - a scroll of blinking {unknown}
Potions
 a - 4 potions of magic
 c - 2 potions of invisibility
 d - 2 potions of attraction
 h - a potion of brilliance {unknown}
 i - 3 potions of curing
 r - 2 potions of lignification
 v - a potion of berserk rage {unknown}
 w - a potion of haste {unknown}
 C - a potion of mutation {unknown}
 I - a potion of ambrosia {unknown}
 O - a potion of might {unknown}
Miscellaneous
 N - a phial of floods
 P - a lightning rod (4/4)


   Skills:
 * Level 8.5 Fighting
 - Level 5.0 Dodging
 - Level 3.0 Stealth
 - Level 7.0 Spellcasting
 * Level 10.8 Conjurations
 - Level 3.0 Hexes
 - Level 3.0 Translocations
 + Level 1.6 Evocations


You had 12 spell levels left.
You knew the following spells:

 Your Spells              Type           Power      Damage    Failure   Level
a - Magic Dart            Conj           100%       1d8       1%          1
b - Searing Ray           Conj           100%       2d8       1%          2
c - Fulminant Prism       Conj/Hex       19%        3d11      4%          4
d - Iskenderun's Mystic   Conj/Tloc      38%        2d9       4%          4

Your spell library contained the following spells:

 Spells                   Type           Power      Damage    Failure   Level
 Momentum Strike          Conj/Tloc      76%        3d10      1%          2
 Kiss of Death            Conj/Necr      100%       2d13      1%          1
 Dazzling Flash           Conj/Hex       76%        N/A       1%          3
 Apportation              Tloc           40%        N/A       2%          1
 Hailstorm                Conj/Ice       31%        3d8       2%          3
 Confusing Touch          Hex            20%        N/A       7%          3
 Freeze                   Ice            28%        1d5       9%          1
 Necrotise                Necr           28%        1d5       9%          1
 Summon Guardian Golem    Hex/Summ       14%        N/A       13%         3
 Frozen Ramparts          Ice            14%        1d3       24%         3
 Vampiric Draining        Necr           7%         2d6       24%         3
 Freezing Cloud           Conj/Ice/Air   11%        6-21      45%         5
 Dispel Undead            Necr           7%         3d8       63%         4
 Orb of Destruction       Conj           26%        9d9       63%         7
 Agony                    Necr           7%         N/A       92%         5
 Alistair's Intoxication  Tmut/Pois      4%         N/A       92%         5
 Simulacrum               Ice/Necr       3%         N/A       100%        6
 Spellforged Servitor     Conj/Summ      15%        N/A       100%        7
 Polar Vortex             Ice            3%         N/A       100%        9


Dungeon Overview and Level Annotations

Branches:
Dungeon (9/15)             Temple (1/1) D:4
   Lair: D:8-11         Orc: D:9-12

Altars:
Ashenzari
Cheibriados
Dithmenos
Elyvilon
Fedhas
Gozag
Hepliaklqana
Kikubaaqudgha
Makhleb
Nemelex Xobeh
Okawaru
Qazlal
Ru
Sif Muna
Trog
Uskayaw
Vehumet
Wu Jian
Xom
Yredelemnul
Zin
The Shining One

Shops:
D:1 *

Annotations:
D:9 Erica


Innate Abilities, Weirdness & Mutations

You are a tree.
Your roots penetrate the ground, keeping you stationary.
You cannot be teleported.
You are immune to unholy pain and torment.
Your maximum health is greatly increased.
Your equipment is partially melded.
((You can breathe waves of freezing cold which knock back foes.))
((Your icy white scales are hard. (AC +7)))
You cannot fit into any form of body armour.
((Your flesh is cold resistant. (rC+)))
((You are cold-blooded and may be slowed by cold attacks.))


Message History

Casting: Iskenderun's Mystic Blast (dangerous; 4% risk of failure)
Confirm with . or Enter, or press ? or * to list all spells.
You erupt in a blast of force!
The mystic blast hits something!
You hear some strange, mumbled words.
Something tries to affect you, but you resist.
You closely miss something.
Your tail-slap misses something.
Something hits you! Something burns you.
You closely miss something. Something hits you. Something burns you.
Something hits you. Something burns you.
You closely miss something. You tail-slap something. Something hits you.
Something burns you.
You barely miss something.
Your tail-slap misses something.
You hear some strange, mumbled words.
A lance of force appears from out of thin air!
The lance of force hits you!
* * * LOW HITPOINT WARNING * * *
You are knocked back by the lance of force.
You slam into the rock wall!
* * * LOW HITPOINT WARNING * * *
Really quaff the potion of lignification?
You turn into a tree.
Your +0 cloak melds into your body.
Your +0 pair of gloves melds into your body.
Your +0 pair of boots melds into your body.
Your roots penetrate the ground.
You hear some strange, mumbled words.
Something tries to affect you, but you resist.
You cannot move.
You cannot move.
There is a strange disturbance nearby!
There is a strange disturbance nearby!
You hit something. Something hits you.
* * * LOW HITPOINT WARNING * * *
Something burns you.
* * * LOW HITPOINT WARNING * * *
You hear some strange, mumbled words.
Something tries to affect you, but you resist.
You closely miss something. Something hits you!
* * * LOW HITPOINT WARNING * * *
Something burns you.
You die...

" # .. ###. ... ##...
...{ ######## ##..#
..... ##(...{♣#######.>#
......#..####.....##...#
#...## #####....#.#
##### ######.# #.# #.#
#.# #########.#
#.........#


There were no monsters in sight!

Vanquished Creatures
  A hydra (D:8)
  3 two-headed ogres
  Pikel (D:7)
  A kobold demonologist (D:8)
  Prince Ribbit (D:7)
  A shadow (D:9)
  A wyvern (D:6)
  2 vampire mosquitoes (D:8)
  An acid dragon (D:8)
  3 orc warriors (D:8)
  An ice beast (D:8)
  3 sky beasts
  3 ogres
  3 centaurs
  2 lemures (D:7)
  2 kobold brigands (D:8)
  5 bullfrogs
  4 scorpions
  6 wights
  A killer bee (D:8)
  A howler monkey (D:6)
  A hound (D:5)
  A jelly (D:4)
  2 orc priests
  3 gnoll boudas
  3 iguanas
  Jessica (D:2)
  4 orc wizards
  11 gnolls
  4 adders
  2 shadow imps
  A white imp (D:6)
  An ufetubus (D:4)
  A worm (D:4)
  A dart slug (D:2)
  30 orcs
  6 ball pythons
  3 bats (D:1)
  6 endoplasms
  2 giant cockroaches
  11 hobgoblins
  7 jackals
  18 kobolds
  A quokka (D:1)
  6 frilled lizards
  5 goblins
  6 rats
183 creatures vanquished.

Vanquished Creatures (others)
  7 fulminant prisms
7 creatures vanquished.

Grand Total: 190 creatures vanquished

Notes
Turn   | Place    | Note
-------+----------+-------------------------------------------
     0 | D:1      | themarg the Draconian Conjurer began the quest for the Orb.
     0 | D:1      | Reached XP level 1. HP: 14/14 MP: 3/3
   233 | D:1      | Reached XP level 2. HP: 20/20 MP: 3/5
   236 | D:1      | Learned a level 2 spell: Searing Ray
   582 | D:1      | Reached XP level 3. HP: 26/26 MP: 5/7
   678 | D:1      | Found Ybosog's General Store.
  1768 | D:2      | Noticed Jessica
  1774 | D:2      | Killed Jessica
  1775 | D:2      | Reached XP level 4. HP: 12/33 MP: 3/8
  2854 | D:3      | Found an opulent altar of Gozag.
  3160 | D:3      | Reached XP level 5. HP: 38/38 MP: 1/10
  3292 | D:3      | Found a hide-covered altar of Uskayaw.
  3533 | D:3      | Reached skill level 5 in Conjurations
  3965 | D:4      | Found a stormy altar of Qazlal.
  3980 | D:4      | Reached XP level 6. HP: 40/45 MP: 3/11
  4100 | D:4      | Found a staircase to the Ecumenical Temple.
  4116 | Temple   | Entered the Ecumenical Temple
  4123 | Temple   | Became a worshipper of Vehumet
  4640 | D:4      | Reached skill level 6 in Conjurations
  5359 | D:5      | Entered Level 5 of the Dungeon
  5470 | D:5      | Found an ornate altar of the Wu Jian Council.
  5534 | D:5      | Your scales start taking on an icy white colour.
  5534 | D:5      | Reached XP level 7. HP: 30/50 MP: 5/13
  5534 | D:5      | Gained mutation: Your flesh is cold resistant. (rC+) [White
                  | Draconian growth]
  5690 | D:5      | Found an iron altar of Okawaru.
  6022 | D:5      | Reached skill level 7 in Conjurations
  6585 | D:6      | Reached skill level 5 in Spellcasting
  6585 | D:6      | Reached skill level 1 in Translocations
  6660 | D:6      | Reached skill level 1 in Hexes
  6667 | D:6      | Reached skill level 8 in Conjurations
  6667 | D:6      | Reached XP level 8. HP: 47/57 MP: 2/15
  7596 | D:6      | Reached * piety under Vehumet
  7596 | D:6      | Offered knowledge of Kiss of Death by Vehumet.
  8172 | D:6      | Learned a level 4 spell: Iskenderun's Mystic Blast
  8177 | D:6      | Learned a level 4 spell: Fulminant Prism
  8314 | D:7      | Noticed Prince Ribbit
  8320 | D:7      | Killed Prince Ribbit
  8321 | D:7      | Reached skill level 9 in Conjurations
  8716 | D:7      | Reached skill level 10 in Conjurations
  8716 | D:7      | Reached skill level 1 in Fighting
  8716 | D:7      | Reached XP level 9. HP: 53/64 MP: 7/16
  8856 | D:7      | Noticed Pikel
  8862 | D:7      | Killed Pikel
  9217 | D:8      | Reached skill level 5 in Fighting
  9645 | D:8      | Noticed a five-headed hydra
  9652 | D:8      | Killed a five-headed hydra
  9653 | D:8      | Reached XP level 10. HP: 56/84 MP: 7/19
  9855 | D:8      | Reached ** piety under Vehumet
  9855 | D:8      | Offered knowledge of Momentum Strike by Vehumet.
  9933 | D:8      | Noticed a two-headed ogre
 10187 | D:8      | Noticed a two-headed ogre
 10195 | D:8      | Killed a two-headed ogre
 10196 | D:8      | Reached skill level 5 in Dodging
 10763 | D:8      | Killed a two-headed ogre
 11185 | D:8      | Found the +2 shield of Resistance {rF++ rC++ Will++}
 11372 | D:9      | Found a hazy altar of Hepliaklqana.
 11382 | D:9      | Noticed a two-headed ogre
 11397 | D:9      | Killed a two-headed ogre
 11398 | D:9      | Reached skill level 1 in Evocations
 11854 | D:9      | Noticed Erica
 11885 | D:9      | HP: 3/135 [something (10)]
 11885 | D:9      | Slain by Erica

Illustrated notes

Levels and vault maps discovered:
D:1:      nzn_arrival_settlement, layout_basic, serial_shops, shop
D:2:      layout_basic, uniq_jessica
D:3:      layout_basic, lemuel_crystal_altar, grunt_gozag_breadcrumbs
D:4:      layout_basic, mainiacjoe_overflow_small_starburst,
          minmay_temple_entry_glassed_door, kennysheep_big_empty_room,
          grunt_tough_drop
D:5:      layout_gridville, mainiacjoe_overflow_concentric_impassable,
          nicolae_wu_jian_wuxing_cycle, nicolae_concentric_dashed_squares_wild,
          hangedman_decor_opposing, chequers_arboretum
D:6:      layout_basic, serial_co_window_serial, co_window_paths_b,
          co_window_corner_a, co_window_corner_a, co_window_paths_b,
          co_window_paths_a, co_window_2corner, co_window_of_opportunity_b,
          co_window_cross_4, co_window_4corner_a, glass_columns_a
D:7:      layout_cave_pools, uniq_pikel, uniq_prince_ribbit1
D:8:      minmay_the_grid_four_pointed_star
          [minmay_the_grid_triangle_9x9_stretched_checkered,
          minmay_the_grid_triangle_9x9_impossible_snake,
          minmay_the_grid_triangle_9x9_zippers_horizontal,
          minmay_the_grid_triangle_9x9_intruding_spiral,
          minmay_the_grid_prize_shrinking_boxes], layout_cave_pools
D:9:      kennysheep_blocky_hall, layout_basic,
          mainiacjoe_overflow_cross_hatched, uniq_erica
Temple:   nicolae_temple_x_marks_the_god

Skill      XL: |  1  2  3  4  5  6  7  8  9 10 |
---------------+-------------------------------+-----
Stealth        | 2 3 |  3.0
Spellcasting   | 3 4 5 6 7 |  7.0
Conjurations   | 5 6 8 10 | 10.8
Translocations | 1 3 |  3.0
Hexes          | 1 3 |  3.0
Fighting       | 1 6 8 |  8.5
Dodging        | 4 5 |  5.0
Evocations     | 1 |  1.6

Action                   |  1- 3 |  4- 6 |  7- 9 | 10-12 || total
-------------------------+-------+-------+-------+-------++-------
Melee: Dagger            |    23 |       |       |       ||    23
       Tailslap          |     4 |       |       |     4 ||     8
       Mace              |       |     1 |     3 |    16 ||    20
Throw: Dart              |       |       |       |    21 ||    21
 Cast: Magic Dart        |    39 |    69 |    28 |    28 ||   164
       Searing Ray       |    13 |    31 |    55 |    19 ||   118
       Iskenderun's Myst |       |       |    10 |    20 ||    30
       Fulminant Prism   |       |       |     5 |     2 ||     7
  Use: Scroll            |       |     3 |       |     3 ||     6
       Potion            |       |       |       |     2 ||     2
Armor: Skin              |     7 |     2 |    25 |     5 ||    39
Dodge: Dodged            |    23 |     6 |    52 |    31 ||   112

Table legend: (Time is in decaauts)
 A = Elapsed time spent in this place.
 B = Non-inter-level travel time spent in this place.
 C = Inter-level travel time spent in this place.
 D = Time resting spent in this place.
 E = Time spent auto-exploring this place.
 F = Levels seen in this place.
 G = Mean time per level.
                   A        B        C        D        E       F      G
               +--------+--------+--------+--------+--------+-----+--------+
         Total |  11902 |  11634 |    268 |   1947 |   8244 |  10 | 1190.2 |
       Dungeon |  11843 |  11575 |    268 |   1947 |   8204 |   9 | 1315.9 |
        Temple |     58 |     58 |      0 |      0 |     40 |   1 |   58.0 |
               +--------+--------+--------+--------+--------+-----+--------+

Top non-repeatable levels by time:
     D:6: 1933 daAuts
     D:4: 1577 daAuts
     D:8: 1525 daAuts
     D:1: 1358 daAuts
     D:7: 1286 daAuts
     D:2: 1286 daAuts
     D:5: 1144 daAuts
     D:3: 1077 daAuts
     D:9: 654 daAuts
  Temple: 58 daAuts
